 Dungeon Crawl Stone Soup version 0.28-a0-984-g3775c662fe (webtiles) character file.

Game seed: 9953066766847698281

75295 ders the Earth Mage (level 15, -10/74 HPs)
             Began as a Gargoyle Earth Elementalist on Dec 3, 2021.
             Was a High Priest of Vehumet.
             Mangled by an ettin (32 damage)
             ... on level 1 of the Orcish Mines.
             The game lasted 00:49:58 (34240 turns).

ders the Earth Mage (Gargoyle Earth Elementalist)  Turns: 34240, Time: 00:49:58

Health: -10/74     AC: 21    Str: 12    XL:     15   Next: 49%
Magic:  17/33      EV: 11    Int: 28    God:    Vehumet [*****.]
Gold:   3256       SH:  8    Dex: 16    Spells: 6/42 levels left

rFire   . . .      SeeInvis .   D - staff of earth
rCold   . . .      Faith    .   b - +3 buckler {AC+3}
rNeg    + . .      Spirit   .   x - +0 troll leather armour
rPois   ∞          Reflect  .   G - +1 hat of Pan-Flutes {Int+5}
rElec   +          Harm     .   i - scarf {repulsion}
rCorr   .          Rampage  .   (no gloves)
Will    +....      Rage     1%  w - +0 pair of boots
Stlth   ++........              l - amulet of the acrobat
HPRegen 1.02/turn               k - +6 ring of dexterity
MPRegen 0.23/turn               (no ring)

@: flying, very slightly contaminated, repel missiles
A: sickness immunity, AC +11, big wings, negative energy resistance 1,
electricity resistance, torment resistance 1, petrification resistance, berserk
1, subdued magic 1, noise suppression
a: Renounce Religion


You were on level 1 of the Orcish Mines.
You worshipped Vehumet.
Vehumet was extremely pleased with you.
You visited 4 branches of the dungeon, and saw 22 of its levels.

You collected 3336 gold pieces.
You spent 80 gold pieces at shops.

Inventory:

Missiles
 c - 258 stones
 y - 9 throwing nets (quivered)
Armour
 b - a +3 buckler of protection (worn)
 i - a scarf of repulsion (worn)
 w - a +0 pair of boots (worn)
 x - a +0 troll leather armour (worn)
 G - the +1 hat of Pan-Flutes (worn) {Int+5}
   (You found it on level 1 of the Lair of Beasts)

   Int:       It affects your intelligence (+5).
Magical Staves
 q - a staff of fire
 D - a staff of earth (weapon)
Jewellery
 k - a +6 ring of dexterity (left hand)
 l - an amulet of the acrobat (around neck)
 s - a ring of ice
 K - an amulet of guardian spirit
Wands
 j - a wand of digging (5)
 o - a wand of acid (13)
 r - a wand of iceblast (9)
 t - a wand of flame (11)
 A - a wand of charming (6)
 C - a wand of polymorph (13)
 F - a wand of paralysis (5)
Scrolls
 e - 2 scrolls of fog
 f - a scroll of torment
 m - 4 scrolls of magic mapping
 n - 10 scrolls of vulnerability
 v - a scroll of teleportation
 J - a scroll of enchant weapon {unknown}
Potions
 a - 9 potions of curing
 d - 3 potions of invisibility
 g - 5 potions of haste
 h - 4 potions of mutation
 p - a potion of resistance
 u - 7 potions of attraction
 z - 3 potions of might
 B - 2 potions of degeneration
 H - 2 potions of cancellation
 I - 3 potions of lignification
 L - a potion of ambrosia {unknown}
 M - a potion of heal wounds
Miscellaneous
 E - a box of beasts


   Skills:
 + Level 1.0 Fighting
 + Level 4.3 Armour
 - Level 1.5 Dodging
 + Level 3.5 Stealth
 - Level 4.0 Shields
 + Level 14.1 Spellcasting
 + Level 15.1 Conjurations
 + Level 0.7 Hexes
 * Level 1.5 Summonings
 + Level 0.7 Transmutations
 * Level 8.1 Fire Magic
 + Level 1.7 Air Magic
 + Level 17.3 Earth Magic


You had 6 spell levels left.
You knew the following spells:

 Your Spells              Type           Power      Damage    Failure   Level
a - Sandblast             Erth           100%       2d20      0%          1
b - Stone Arrow           Conj/Erth      100%       3d13      0%          3
c - Summon Small Mammal   Summ           88%        N/A       1%          1
d - Swiftness             Air            22%        N/A       3%          3
e - Blink                 Tloc           30%        N/A       3%          2
f - Fireball              Conj/Fire      30%        3d13      1%          5
g - Starburst             Conj/Fire      30%        6d9       1%          6
i - Lehudib's Crystal Sp  Conj/Erth      45%        10d11     7%          8
j - Spellforged Servitor  Conj/Summ      25%        N/A       21%         7

Your spell library contained the following spells:

 Spells                   Type           Power      Damage    Failure   Level
 Sticky Flame             Conj/Fire      60%        2d8       1%          4
 Shock                    Conj/Air       100%       1d9       1%          1
 Passwall                 Tmut/Erth      57%        N/A       1%          2
 Inner Flame              Hex/Fire       34%        N/A       1%          3
 Flame Wave               Conj/Fire      60%        2d10      1%          4
 Fulminant Prism          Conj/Hex       24%        3d13      1%          4
 Hailstorm                Conj/Ice       47%        3d11      1%          4
 Petrify                  Tmut/Erth      69%        N/A       1%          4
 Borgnjor's Vile Clutch   Necr/Erth      34%        N/A       1%          5
 Animate Skeleton         Necr           30%        N/A       2%          1
 Pain                     Necr           60%        1d7       2%          1
 Ensorcelled Hibernation  Hex/Ice        32%        N/A       3%          2
 Airstrike                Air            11%        N/A       3%          4
 Call Canine Familiar     Summ           22%        N/A       4%          3
 Summon Guardian Golem    Hex/Summ       20%        N/A       4%          3
 Vampiric Draining        Necr           15%        2d7       8%          3
 Cause Fear               Hex            9%         N/A       21%         4
 Passage of Golubria      Tloc           15%        N/A       28%         4
 Silence                  Hex/Air        10%        N/A       45%         5
 Alistair's Intoxication  Tmut/Pois      10%        N/A       58%         5
 Manifold Assault         Tloc           15%        N/A       63%         5
 Eringya's Noxious Bog    Tmut/Pois      8%         N/A       67%         6
 Ignition                 Fire           25%        3d8       85%         8
 Ozocubu's Refrigeration  Ice            7%         4d6       99%         7
 Storm Form               Tmut/Air       10%        N/A       100%        7
 Discord                  Hex            9%         N/A       100%        8
 Maxwell's Capacitive Co  Air            11%        ∞         100%        8
 Chain Lightning          Conj/Air       25%        3d34      100%        9


Dungeon Overview and Level Annotations

Branches:
Dungeon (14/15)            Temple (1/1) D:6            Lair (6/6) D:10
  Swamp (0/4) Lair:4       Spider (0/4) Lair:4        Slime (0/5) Lair:6
    Orc (1/2) D:12         Vaults (0/5) D:13

Altars:
Ashenzari
Cheibriados
Dithmenos
Elyvilon
Fedhas
Gozag
Hepliaklqana
Kikubaaqudgha
Makhleb
Nemelex Xobeh
Okawaru
Qazlal
Ru
Sif Muna
Trog
Uskayaw
Vehumet
Wu Jian
Xom
Yredelemnul
Zin
The Shining One

Shops:
D:7 ?   D:10 *((

Annotations:
D:2 Robin
D:6 3 runed translucent doors, avis's ghost, novice HOMo
Lair:1 6 runed translucent doors
Lair:3 1 runed translucent door, dracfodder's ghost, journeyman GrEE


Innate Abilities, Weirdness & Mutations

You are immune to sickness and miasma.
Your stone body is resilient. (AC +11)
You are immune to poison.
Your large and strong wings let you fly.
You resist negative energy. (rN+)
You are resistant to electric shocks. (rElec)
You are resistant to unholy torment.
You are immune to petrification.
You tend to lose your temper in combat.
Your spells are a little easier to cast, but a little less powerful.
You passively dampen the noise of your surroundings.


Message History

There is a stone staircase leading down here.
You start resting.
Magic restored.
(D) Dungeon (T) Temple (L) Lair (S) Swamp (N) Spider Nest (M) Slime Pits (O) Orcish Mines (V) Vaults
Where to? (Enter - D:13 @ (x,y), ? - help)
What level of the Orcish Mines? (default 1, ? - help)
There is an open door here.
There is a stone staircase leading up here.
You fly upwards.
There is a stone staircase leading down here.
You see here a +1 long sword of holy wrath.
There is an open door here.
Items here: )))) [[.
Items here: ))) [.
There is an open door here.
There is a staircase to the Orcish Mines here.
You fly downwards.
Welcome back to the Orcish Mines!
The ettin closely misses you. The ettin misses you.
There is a staircase back to the Dungeon here.
An ettin is nearby!
Casting: Sandblast (safe; 0% risk of failure)
Confirm with . or Enter, or press ? or * to list all spells.
Aiming: Lehudib's Crystal Spear (quite dangerous; 7% risk of failure)
Press: ? - help, Shift-Dir - straight line, f - ettin
Aim: an ettin, wielding two +0 dire flails (96% to hit)
You feel a surge of power!
The crystal spear hits the ettin!!!
The ettin is severely wounded.
The ettin hits you with a +0 dire flail!! x2
* * * LOW HITPOINT WARNING * * *
Casting: Lehudib's Crystal Spear (quite dangerous; 7% risk of failure)
Confirm with . or Enter, or press ? or * to list all spells.
Aiming: Lehudib's Crystal Spear (quite dangerous; 7% risk of failure)
Press: ? - help, Shift-Dir - straight line, f/p - ettin
Aim: an ettin, wielding two +0 dire flails (severely wounded, 96% to hit)
You feel a surge of power!
You miscast Lehudib's Crystal Spear.
You are very lightly contaminated with residual magic.
You are blasted with sand.
The ettin closely misses you.
The ettin hits you with a +0 dire flail!!
You die...

#...#....................#
#..##............>......##
.........................#
.........................#
.....#.....#.....#..^....#
....#......#............##
........................##
#..##.........>..........#
................@.......##
...............C.........#
....^....................#
...........#.)...........#
..#........#....[.......##
.)).....#........[..#....#
.>.)#..###.#.##....[.#...#
.).)...# #######.#......##
......## ####.#..##


You could see an ettin.

Vanquished Creatures
  A dire elephant (Lair:6)
  Snorg (D:10)
  Harold (D:7)
  5 hydras
  3 boulder beetles
  A merfolk avatar (Lair:6)
  5 two-headed ogres
  A tengu warrior (D:12)
  19 death yaks
  A nameless horror (D:12)
  Sonja (Lair:3)
  Urug (D:11)
  A skeletal warrior (D:12)
  A sea snake (Lair:6)
  3 deep elf pyromancers (D:12)
  3 ugly things (D:14)
  2 wolf spiders
  5 manticores
  2 cyclopes (D:12)
  10 elephants
  Maurice (Orc:1)
  An eye of devastation (Lair:6)
  5 black mambas
  A torpor snail (Lair:6)
  15 cane toads
  A gargoyle (D:13)
  3 kobold demonologists
  2 unseen horrors
  6 rime drakes
  13 komodo dragons
  A freezing wraith (D:12)
  A meliai (D:12)
  5 polar bears
  7 trolls
  A jumping spider (shapeshifter) (D:13)
  4 jumping spiders
  A hornet (D:8)
  10 blink frogs
  11 dream sheep
  5 slime creatures (D:12)
  2 snapping turtles (Lair:6)
  A centaur simulacrum (D:12)
  19 yaks
  11 humans (D:13)
  A vampire (D:12)
  12 wyverns
  5 basilisks
  10 vampire mosquitoes (D:12)
  4 steam dragons
  A warg (Orc:1)
  Menkaure (D:6)
  2 acid dragons
  Duvessa (D:6)
  A floating eye (Lair:6)
  18 water moccasins
  8 orc warriors
  4 black bears
  2 necrophages
  3 ogres
  22 wolves
  6 centaurs
  4 kobold brigands
  17 bullfrogs
  A gnoll sergeant (D:12)
  A scorpion (D:5)
  Dowan (D:6)
  4 killer bees
  12 howler monkeys
  2 vampire bats (Lair:6)
  5 wights (D:9)
  A bullfrog zombie (D:6)
  Crazy Yiuf (D:2)
  A centaur skeleton (D:5)
  5 orc priests
  3 gnoll shamans
  3 iguanas (D:6)
  Terence (D:2)
  18 orc wizards
  A killer bee zombie (D:7)
  A howler monkey skeleton (D:7)
  18 gnolls
  16 adders
  A white imp (D:8)
  2 worms
  7 dart slugs
  60 orcs
  14 bats
  3 endoplasms (D:2)
  7 giant cockroaches
  21 goblins
  9 hobgoblins
  2 quokkas
  12 ball pythons
  A frilled lizard (D:1)
  17 kobolds
  8 rats
  A bush (Lair:6)
576 creatures vanquished.

Vanquished Creatures (collateral kills)
  An orc high priest (Orc:1)
  A basilisk (Lair:6)
  2 orc warriors (Orc:1)
  An orc priest (Orc:1)
  2 orcs (Orc:1)
7 creatures vanquished.

Vanquished Creatures (others)
  A human (D:13)
  A bush (Lair:6)
  2 fulminant prisms (Lair:6)
  67 fungi
  112 plants
183 creatures vanquished.

Grand Total: 766 creatures vanquished

Notes
Turn   | Place    | Note
-------+----------+-------------------------------------------
     0 | D:1      | ders the Gargoyle Earth Elementalist began the quest for
                  | the Orb.
     0 | D:1      | Reached XP level 1. HP: 10/10 MP: 3/3
   130 | D:1      | Reached XP level 2. HP: 2/15 MP: 1/5
   479 | D:1      | Reached skill level 1 in Conjurations
   576 | D:1      | Reached skill level 4 in Earth Magic
   689 | D:1      | Reached XP level 3. HP: 14/19 MP: 0/6
   808 | D:1      | Found a faded altar of an unknown god.
  1064 | D:2      | Found a shimmering altar of Xom.
  1788 | D:2      | Noticed Robin
  2091 | D:2      | Noticed Terence
  2310 | D:1      | Learned a level 3 spell: Stone Arrow
  2392 | D:2      | Reached XP level 4. HP: 24/24 MP: 3/8
  2729 | D:2      | Found a runed translucent door.
  2730 | D:2      | Noticed Crazy Yiuf
  2864 | D:2      | Killed Terence
  3341 | D:2      | Killed Crazy Yiuf
  3342 | D:2      | Reached XP level 5. HP: 7/28 MP: 0/9
  3802 | D:3      | Found an opulent altar of Gozag.
  4065 | D:3      | Reached skill level 5 in Earth Magic
  5130 | D:4      | Found a hide-covered altar of Uskayaw.
  5682 | D:4      | Noticed an ogre
  5686 | D:4      | Killed an ogre
  5687 | D:4      | Reached XP level 6. HP: 32/32 MP: 0/11
  6023 | D:5      | Entered Level 5 of the Dungeon
  6024 | D:5      | Noticed a necrophage
  6029 | D:5      | Killed a necrophage
  6237 | D:5      | Reached skill level 6 in Earth Magic
  6237 | D:5      | Reached XP level 7. HP: 22/36 MP: 0/13
  6907 | D:6      | Found a runed translucent gate.
  6907 | D:6      | Found a runed translucent gate.
  6907 | D:6      | Noticed a two-headed ogre
  6944 | D:6      | Noticed avis's ghost (novice HOMo)
  7112 | D:6      | Reached skill level 5 in Conjurations
  7182 | D:6      | Reached skill level 5 in Spellcasting
  7182 | D:6      | Reached skill level 7 in Earth Magic
  7182 | D:6      | Reached XP level 8. HP: 41/41 MP: 5/15
  7359 | D:6      | Found a runed translucent gate.
  7369 | D:6      | Found a staircase to the Ecumenical Temple.
  7420 | Temple   | Entered the Ecumenical Temple
  7726 | Temple   | Became a worshipper of Elyvilon the Healer
  8071 | D:6      | Noticed a troll
  8077 | D:6      | Killed a troll
  8078 | D:6      | Reached skill level 8 in Earth Magic
  8551 | D:6      | Noticed Menkaure
  8554 | D:6      | Killed Menkaure
  8555 | D:6      | Reached XP level 9. HP: 45/45 MP: 11/18
  8901 | D:6      | Reached * piety under Elyvilon
  8940 | D:6      | Found a hazy altar of Hepliaklqana.
  8940 | D:6      | Noticed Duvessa
  8940 | D:6      | Noticed Dowan
  8947 | D:6      | Killed Duvessa
  8951 | D:6      | Killed Dowan
  9054 | D:6      | Found a shadowy altar of Dithmenos.
  9319 | D:7      | Reached skill level 9 in Earth Magic
  9641 | D:7      | Noticed Harold
 10009 | D:7      | Killed Harold
 10010 | D:7      | Reached skill level 10 in Earth Magic
 10443 | D:7      | Found Zamepa's Magic Scroll Emporium.
 10480 | D:7      | Bought a scroll of teleportation for 45 gold pieces
 10503 | D:7      | Learned a level 1 spell: Summon Small Mammal
 10509 | D:7      | Identified a scroll of acquirement
 10509 | D:7      | Acquired a +2 buckler of protection
 10812 | D:8      | Reached XP level 10. HP: 30/50 MP: 14/21
 10814 | D:8      | Reached skill level 1 in Shields
 10924 | D:8      | Acquired 1201 gold pieces
 11019 | D:8      | Identified the +3 trident "Nescheu" {freeze, rPois Will+}
 11236 | D:8      | Noticed a two-headed ogre
 11242 | D:8      | Killed a two-headed ogre
 11799 | D:8      | Found a basalt altar of Yredelemnul.
 11809 | D:8      | Found a glowing golden altar of the Shining One.
 11812 | D:8      | Noticed an angel
 12308 | D:9      | Reached skill level 11 in Earth Magic
 12503 | D:9      | Reached ** piety under Elyvilon
 12793 | D:9      | Noticed a two-headed ogre
 12795 | D:9      | Killed a two-headed ogre
 13312 | D:9      | Reached *** piety under Elyvilon
 13352 | D:9      | Found a sparkling altar of Nemelex Xobeh.
 13982 | D:10     | Entered Level 10 of the Dungeon
 14217 | D:10     | Found Tibliz's Antique Weapon Boutique.
 14261 | D:10     | Reached skill level 10 in Conjurations
 14261 | D:10     | Reached XP level 11. HP: 54/54 MP: 13/23
 14468 | D:9      | Reached skill level 12 in Earth Magic
 14617 | D:10     | Noticed a two-headed ogre
 14622 | D:10     | Killed a two-headed ogre
 14731 | D:10     | Learned a level 3 spell: Swiftness
 14810 | D:10     | Found a staircase to the Lair.
 14950 | D:10     | Found Xaifust's Assorted Antiques.
 14950 | D:10     | Noticed Snorg
 15003 | D:10     | Killed Snorg
 15349 | D:10     | Found a radiant altar of Vehumet.
 15358 | D:10     | Fell from the grace of Elyvilon
 15358 | D:10     | Became a worshipper of Vehumet
 15398 | D:10     | Bought a scroll labelled DETU AZEL ANN for 35 gold pieces
 15420 | D:10     | Found Wonleot's Antique Weapon Shop.
 15641 | D:11     | Noticed Urug
 15646 | D:11     | Killed Urug
 15855 | D:11     | Learned a level 2 spell: Blink
 16353 | D:11     | Noticed a boulder beetle
 16401 | Lair:1   | Entered Level 1 of the Lair of Beasts
 16539 | Lair:1   | Reached skill level 13 in Earth Magic
 16663 | Lair:1   | Found a gate leading to a gauntlet.
 16698 | Lair:1   | Identified the +3 leather armour "Xixom" {*Slow +Blink
                  | rPois Str-4}
 16898 | Lair:1   | Reached skill level 10 in Spellcasting
 17075 | Lair:1   | Found a runed translucent door.
 17134 | Lair:1   | Identified the +1 hat of Pan-Flutes {Int+5}
 17140 | Lair:1   | Noticed a wolf spider
 17149 | Lair:1   | Killed a wolf spider
 17150 | Lair:1   | Reached XP level 12. HP: 22/59 MP: 6/26
 17150 | Lair:1   | Reached * piety under Vehumet
 17150 | Lair:1   | Offered knowledge of Freeze by Vehumet.
 17275 | Lair:1   | Found a runed translucent gate.
 17275 | Lair:1   | Found a runed translucent gate.
 17275 | Lair:1   | Found a runed translucent gate.
 17275 | Lair:1   | Found a runed translucent gate.
 17275 | Lair:1   | Noticed a boulder beetle
 17276 | Lair:1   | Found a runed translucent gate.
 17276 | Lair:1   | Noticed a boulder beetle
 17278 | Lair:1   | Found a runed translucent gate.
 17279 | Lair:1   | Noticed a boulder beetle
 18530 | Lair:2   | Noticed a seven-headed hydra
 18536 | Lair:2   | Killed a seven-headed hydra
 18537 | Lair:2   | Reached skill level 14 in Earth Magic
 19323 | Lair:3   | Found a runed translucent door.
 19702 | Lair:3   | Learned a level 5 spell: Fireball
 20023 | Lair:3   | Noticed dracfodder's ghost (journeyman GrEE)
 20090 | Lair:3   | Noticed Sonja
 20093 | Lair:3   | Killed Sonja
 20093 | Lair:3   | Offered knowledge of Poisonous Vapours by Vehumet.
 20219 | Lair:3   | Reached ** piety under Vehumet
 20743 | Lair:4   | Reached skill level 1 in Armour
 20743 | Lair:4   | Reached XP level 13. HP: 58/63 MP: 15/28
 20808 | Lair:4   | Reached skill level 1 in Fire Magic
 20810 | Lair:4   | Found a hole to the Spider Nest.
 20881 | Lair:4   | Reached skill level 15 in Earth Magic
 21550 | Lair:4   | Offered knowledge of Static Discharge by Vehumet.
 21662 | Lair:4   | Found a staircase to the Swamp.
 22806 | Lair:5   | Reached *** piety under Vehumet
 23112 | Lair:5   | Reached skill level 1 in Air Magic
 24180 | Lair:5   | Reached skill level 5 in Fire Magic
 24705 | Lair:5   | Gained mutation: Your large and strong wings let you fly.
                  | [Gargoyle growth]
 24705 | Lair:5   | Reached XP level 14. HP: 68/68 MP: 23/30
 24786 | Lair:6   | Entered Level 6 of the Lair of Beasts
 24812 | Lair:6   | Offered knowledge of Fulminant Prism by Vehumet.
 24828 | Lair:6   | Learned a level 6 spell: Starburst
 25289 | Lair:6   | Noticed a dire elephant
 25290 | Lair:6   | Reached skill level 16 in Earth Magic
 25404 | Lair:6   | Gained mutation: Your spells are a little easier to cast,
                  | but a little less powerful. [mutagenic glow]
 25425 | Lair:6   | Gained mutation: You tend to lose your temper in combat.
                  | [mutagenic glow]
 25473 | Lair:6   | Gained mutation: You passively dampen the noise of your
                  | surroundings. [mutagenic glow]
 25540 | Lair:6   | Learned a level 4 spell: Fulminant Prism
 25548 | Lair:6   | Found a staircase to the Slime Pits.
 25666 | Lair:6   | Reached **** piety under Vehumet
 25781 | Lair:6   | Offered knowledge of Dazzling Flash by Vehumet.
 26912 | Lair:5   | Learned a level 8 spell: Lehudib's Crystal Spear
 26971 | Lair:6   | Killed a dire elephant
 28754 | D:12     | Identified the +6 flail "Biadecam" {vorpal, rF+}
 28754 | D:12     | Identified the +0 scale mail of Upazin {rElec rF- rCorr
                  | Dex+4}
 28950 | D:12     | Reached skill level 1 in Fighting
 29346 | D:12     | Reached XP level 15. HP: 74/74 MP: 23/32
 29485 | D:12     | Reached skill level 17 in Earth Magic
 29600 | D:12     | Reached ***** piety under Vehumet
 29705 | D:12     | Got Lee's Handbook of Battle Magic
 29708 | D:12     | Got Onec's Grimoire of Air
 29711 | D:12     | Got the Tome of the Blaze and the Frostbite
 29720 | D:12     | Learned a level 7 spell: Spellforged Servitor
 29744 | D:12     | Offered knowledge of Sticky Flame by Vehumet.
 30715 | D:12     | Found a staircase to the Orcish Mines.
 32465 | D:13     | Reached skill level 15 in Conjurations
 32580 | D:13     | Found a gate to the Vaults.
 32712 | Orc:1    | Entered Level 1 of the Orcish Mines
 32731 | Orc:1    | Noticed Maurice
 32851 | Orc:1    | Killed Maurice
 32852 | Orc:1    | Reached skill level 1 in Summonings
 34240 | Orc:1    | Mangled by an ettin

Illustrated notes

Levels and vault maps discovered:
D:1:      dpeg_arrival_stonehenge_8_columns, layout_basic,
          basic_ecumenical_altar
D:2:      cheibrodos_greedy_goblins, layout_loops_corners, basic_altar,
          uniq_crazy_yiuf_cottage, uniq_terence, uniq_robin
D:3:      layout_loops_ring, mainiacjoe_overflow_boulevard, serial_bayou_pond_a,
          minmay_misc_feat_pillars, st_stairs_7, hangedman_decor_growths,
          guppyfry_early_lair_pool
D:4:      layout_loops_ring, mainiacjoe_overflow_24_doors
D:5:      layout_rooms, minmay_misc_feat_alley
D:6:      minmay_cornered_nines, layout_loops_ring,
          riverfiend_overflow_shadow_ancestor, minmay_temple_entry_water_ring,
          gammafunk_ghost_split, chequers_serial_rivers_room_a, uniq_menkaure,
          uniq_duvessa
D:7:      layout_layer_cave, serial_shops, kennysheep_little_box, uniq_harold
D:8:      layout_loops_ring, grunt_temple_overflow_holy_war
D:9:      layout_long_grid, nemelex_spade_bored_becter
D:10:     layout_gridville, vehumet_crystals, minmay_lair_entry_grove,
          serial_shops, nicolae_shop_overgrown_old_shop, shop_coins, shop,
          uniq_snorg
D:11:     layout_roguey, uniq_urug
D:12:     minmay_the_grid_octo_tiled_octocenter [minmay_the_grid_octo_checkered,
          minmay_the_grid_octo_odd_swirl, minmay_the_grid_octo_chip,
          minmay_the_grid_octo_tetromino_candy, minmay_the_grid_octo_prize_star,
          minmay_the_grid_square_5x5_misaligned,
          minmay_the_grid_square_5x5_seven, minmay_the_grid_square_5x5_plus,
          minmay_the_grid_square_5x5_meh], layout_loops_ring, hiddenorc2_lemuel
D:13:     layout_loops_corners, ximxim_vaults_locker_room
D:14:     kennysheep_large_spiral, layout_rooms, grunt_dithmenos_smoke,
          hex_medium, minivault_7, uniq_frances
Temple:   minmay_temple_curvy_branch
Lair:1:   gammafunk_indiana_jones, layout_chaotic_city, gauntlet_entry_generic,
          cheibrodos_lair_reptile_den
Lair:2:   layout_chaotic_city
Lair:3:   minmay_lair_venomous_thicket, layout_layer_cave,
          ebering_ghost_reflecting_pool, uniq_sonja
Lair:4:   layout_regular_city, swamp_mist, spider_nest_entry_a,
          beast_lair_carwin_6
Lair:5:   layout_cave_pods, beast_lair_carwin_4
Lair:6:   gammafunk_lair_ancient_temple, layout_regular_city,
          minmay_slime_entry_eyes, nicolae_volcano_entry_hallway,
          nicolae_quartered_pool_medium, roderic_batcave
Orc:1:    layout_caves, minmay_orc_barracks, uniq_maurice

Skill      XL: |  1  2  3  4  5  6  7  8  9 10 11 12 13 14 15 |
---------------+----------------------------------------------+-----
Conjurations   | 1 2 3 4 5 6 8 10 11 13 14 15 | 15.1
Earth Magic    | 4 5 6 7 8 10 11 13 14 15 16 17 | 17.3
Spellcasting   | 3 4 5 6 7 8 10 11 12 13 14 | 14.1
Shields        | 4 |  4.0
Armour         | 1 3 4 |  4.3
Fire Magic     | 5 7 8 |  8.1
Air Magic      | 1 |  1.7
Stealth        | 3 |  3.5
Fighting       | 1 |  1.0
Summonings     | 1 |  1.5
Dodging        | |  1.5
Hexes          | |  0.7
Transmutations | |  0.7

Action                   |  1- 3 |  4- 6 |  7- 9 | 10-12 | 13-15 || total
-------------------------+-------+-------+-------+-------+-------++-------
Melee: Unarmed           |     3 |       |       |       |       ||     3
       Dagger            |     4 |    16 |     6 |       |       ||    26
       Quarterstaff      |       |     2 |       |       |       ||     2
       Staff             |       |       |       |    29 |     8 ||    37
Throw: Throwing net      |       |       |     4 |       |       ||     4
 Cast: Sandblast         |    57 |    43 |    51 |   115 |   187 ||   453
       Stone Arrow       |       |    35 |    90 |   231 |   293 ||   649
       Swiftness         |       |       |       |     3 |    20 ||    23
       Summon Small Mamm |       |       |       |     1 |       ||     1
       Fireball          |       |       |       |     2 |    90 ||    92
       Starburst         |       |       |       |       |    33 ||    33
       Lehudib's Crystal |       |       |       |       |    35 ||    35
       Fulminant Prism   |       |       |       |       |     2 ||     2
       Spellforged Servi |       |       |       |       |     2 ||     2
       Blink             |       |       |       |       |     1 ||     1
Evoke: Box of beasts     |       |       |       |       |     1 ||     1
  Use: Scroll            |       |       |     7 |     9 |    16 ||    32
       Potion            |       |       |       |       |    10 ||    10
Armor: Robe              |    14 |    10 |    14 |       |       ||    38
       Troll leather arm |       |       |    12 |   110 |   136 ||   258
Dodge: Dodged            |    16 |    35 |    39 |   165 |   199 ||   454
       Repelled          |       |       |       |       |     4 ||     4
Block: Buckler           |       |       |       |    86 |    87 ||   173

Table legend: (Time is in decaauts)
 A = Elapsed time spent in this place.
 B = Non-inter-level travel time spent in this place.
 C = Inter-level travel time spent in this place.
 D = Time resting spent in this place.
 E = Time spent auto-exploring this place.
 F = Levels seen in this place.
 G = Mean time per level.
                   A        B        C        D        E       F      G
               +--------+--------+--------+--------+--------+-----+--------+
         Total |  34259 |  32232 |   2027 |  12746 |  15487 |  22 | 1557.2 |
       Dungeon |  21148 |  20018 |   1130 |   8133 |   9727 |  14 | 1510.6 |
        Temple |    328 |    247 |     81 |      0 |    244 |   1 |  328.0 |
          Lair |  12073 |  11260 |    813 |   4377 |   5208 |   6 | 2012.2 |
  Orcish Mines |    708 |    706 |      2 |    236 |    308 |   1 |  708.0 |
               +--------+--------+--------+--------+--------+-----+--------+

Top non-repeatable levels by time:
  Lair:5: 3113 daAuts
    D:12: 2834 daAuts
  Lair:6: 2369 daAuts
     D:6: 2357 daAuts
     D:2: 2104 daAuts
  Lair:4: 2071 daAuts
  Lair:3: 1833 daAuts
    D:13: 1787 daAuts
     D:1: 1780 daAuts
     D:9: 1749 daAuts
  Lair:2: 1423 daAuts
     D:7: 1388 daAuts
     D:8: 1307 daAuts
    D:11: 1263 daAuts
  Lair:1: 1262 daAuts
